 Dungeon Crawl Stone Soup version 0.30-a0-778-g2ef04afb54 (webtiles) character file.

Game seed: 12088315103725724782

7 Esekla the Sneak (level 2, 9/21 HPs)
             Began as an Octopode Delver on Feb 16, 2023.
             Quit the game on level 5 of the Dungeon.
             The game lasted 00:00:36 (44 turns).

Esekla the Sneak (Octopode Delver)                    Turns: 44, Time: 00:00:37

Health: 9/21       AC:  1    Str: 11    XL:     2   Next: 0%
Magic:  2/2        EV: 13    Int: 12    God:
Gold:   61         SH:  0    Dex: 13    Spells: 1/1 levels left

rFire   . . .      SeeInvis .    a - +0 falchion
rCold   . . .      Faith    .    (no shield)
rNeg    . . .      Spirit   .    (helmet restricted)
rPois   .          Reflect  .    (no amulet)
rElec   .          Harm     .    (no ring)
rCorr   .          Rampage  .    (no ring)
Will    .....                    (no ring)
Stlth   ++++                     (no ring)
HPRegen 0.23/turn                (no ring)
MPRegen 0.08/turn                (no ring)
                                 (no ring)
                                 (no ring)

@: no status effects
A: almost no armour, amphibious, 8 rings, camouflage 1, gelatinous body 1,
(nimble swimmer 1), tentacles
a: no special abilities


You were on level 5 of the Dungeon.
You visited 1 branch of the dungeon, and saw 1 of its levels.

You collected 61 gold pieces.

Inventory:

Hand Weapons
 a - a +0 falchion (weapon)
Wands
 f - a wand of digging (3)
Scrolls
 b - a scroll of fog
 d - a scroll of fear
Potions
 e - a potion of haste
 g - a potion of degeneration {unknown}


   Skills:
 * Level 3.1 Fighting
 * Level 2.0 Long Blades
 * Level 2.0 Dodging
 + Level 6.8 Stealth
 * Level 0.2 Spellcasting


You had one spell level left.
You didn't know any spells.
Your spell library was empty.

Dungeon Overview and Level Annotations

Branches:
Dungeon (5/15)
 Temple: D:4-7

Altars:


Innate Abilities, Weirdness & Mutations

You cannot wear most types of armour.
You are amphibious.
You can wear up to eight rings at the same time.
Your skin changes colour to match your surroundings (Stealth+).
Your rubbery body absorbs attacks. (AC +1, EV +1)
((You are camouflaged when in or above water. (Stealth+)))
You have tentacles for arms and can constrict up to eight enemies at once.


Message History

Found a leather armour.
A hound comes into view.
Found 11 gold pieces.
Found a pink potion.
You now have 21 gold pieces.
Found 10 gold pieces.
Found 19 gold pieces.
A white imp comes into view.
The white imp shouts, "Get thee gone, thou pox-marked sow-suckled gudgeon!"
You see here 11 gold pieces.
You now have 32 gold pieces (gained 11).
The white imp closely misses you.
You hit the white imp. Your grab misses the white imp.
The white imp is moderately wounded.
The white imp barely misses you.
You hit the white imp but do no damage. Your grab misses the white imp.
The white imp is moderately wounded.
The white imp hits you. The white imp freezes you.
You barely miss the white imp. Your grab misses the white imp.
The white imp is moderately wounded.
The white imp hits you. The white imp freezes you.
* * * LOW HITPOINT WARNING * * *
You hit the white imp. You grab the white imp. You squeeze the white imp.
The white imp is almost dead.
You constrict the white imp, but do no damage.
The white imp hits you but does no damage.
You hit the white imp but do no damage.
The white imp is almost dead.
You constrict the white imp.
You kill the white imp!
You have reached level 2!
Unknown command.
Found a stone staircase leading up.
You now have 42 gold pieces (gained 10).
g - a pink potion
Found a ring mail.
You now have 61 gold pieces (gained 19).
As you read the scroll of magic mapping, it crumbles to dust.
You feel aware of your surroundings.
Are you sure you want to abandon this character and quit the game? (Confirm with "yes".)

**,...........# ****,
**#..........# *,,,, ###........#
**,#** ##.......## *..*
#........## *.#* #.......[.###.#
#.............# *
##.............####
*#.@..###........... #....##
##.......... *#...## #..........
*#...## ##........## ***#....*
*#........... *********,......*
**#............
,,,,,,,,,.......***..............
,,,,,,,,,....[..,,......###......
,,,,,,,,,,,,,,,,,,.....## ##.....


There were no monsters in sight!

Vanquished Creatures
  A white imp (D:5)
1 creature vanquished.

Notes
Turn   | Place    | Note
-------+----------+-------------------------------------------
     0 | D:5      | Esekla the Octopode Delver began the quest for the Orb.
     0 | D:5      | Reached XP level 1. HP: 16/16 MP: 1/1
    11 | D:5      | Noticed a hound
    28 | D:5      | Reached XP level 2. HP: 5/21 MP: 2/2
    44 | D:5      | Quit the game

Illustrated notes

Levels and vault maps discovered:
D:5:      gammafunk_wand_slinger, layout_layer_cave

Action                     || total
---------------------------++-------
  Melee: Falchion          ||     5
         Constrict         ||     1
         Tentacles         ||     1
    Use: Scroll            ||     1
 Armour: Skin              ||     1
  Dodge: Dodged            ||     2

Table legend: (Time is in decaauts)
 A = Elapsed time spent in this place.
 B = Non-inter-level travel time spent in this place.
 C = Inter-level travel time spent in this place.
 D = Time resting spent in this place.
 E = Time spent auto-exploring this place.
 F = Levels seen in this place.
 G = Mean time per level.
                   A        B        C        D        E       F      G
               +--------+--------+--------+--------+--------+-----+--------+
         Total |     45 |     45 |      0 |      0 |      0 |   1 |   45.0 |
       Dungeon |     45 |     45 |      0 |      0 |      0 |   1 |   45.0 |
               +--------+--------+--------+--------+--------+-----+--------+

Top non-repeatable levels by time:
     D:5: 45 daAuts
